 Dungeon Crawl Stone Soup version 0.27-a0-1036-g8e1b44f6bd (webtiles) character file.

Game seed: 7522659977662046747

596 tilp the Sneak (level 7, 0/37 HPs)
             Began as a Vine Stalker Brigand on Apr 18, 2021.
             Slain by an orc priest
             ... wielding a +0 club
              (3 damage)
             ... on level 4 of the Dungeon.
             The game lasted 00:05:42 (3657 turns).

tilp the Sneak (Vine Stalker Brigand)               Turns: 3657, Time: 00:05:43

Health: 0/37       AC:  7    Str: 14    XL:     7   Next: 40%
Magic:  0/8        EV:  6    Int: 11    God:
Gold:   166        SH:  0    Dex: 17    Spells: 6/6 levels left

rFire    . . .     SeeInvis .   a - +2 dagger
rCold    . . .     Faith    .   (no shield)
rNeg     . . .     Spirit   +   j - +0 scale mail
rPois    .         Reflect  .   (no helmet)
rElec    .         Harm     .   c - +0 cloak
rCorr    .         Rampage  .   (no gloves)
Will     .....                  (no boots)
Stlth    ++........             f - amulet of magic regeneration
HPRegen  1.12/turn              (no ring)
MPRegen  0.36/turn              (no ring)

@: constricted
A: fangs 2, regeneration 1, magic shield, antimagic bite, no potion heal 2
a: no special abilities


You were on level 4 of the Dungeon.
You visited 1 branch of the dungeon, and saw 4 of its levels.

You collected 166 gold pieces.

Inventory:

Hand Weapons
 a - a +2 dagger (weapon)
Missiles
 d - 8 poisoned darts (quivered)
 e - 2 curare-tipped darts {!f}
 u - 2 boomerangs
Armour
 c - a +0 cloak (worn)
 g - a +0 ring mail
 j - a +0 scale mail (worn)
Jewellery
 f - an amulet of magic regeneration (around neck)
Scrolls
 b - a scroll of teleportation {unknown}
 l - a scroll of enchant weapon {unknown}
 n - a scroll of immolation {unknown}
 q - a scroll of noise {unknown}
 r - a scroll of acquirement {unknown}
 s - a scroll of vulnerability
 t - a scroll of magic mapping {unknown}
 w - a scroll of fog {unknown}
Potions
 h - 2 potions of resistance
 i - a potion of cancellation
 k - 2 potions of attraction {unknown}
 m - 2 potions of curing
 o - a potion of might {unknown}
 p - a potion of lignification {unknown}
 v - a potion of degeneration {unknown}


   Skills:
 - Level 4.0 Fighting
 + Level 5.3 Short Blades
 - Level 1.7 Throwing
 - Level 2.0 Dodging
 - Level 6.0 Stealth


You had 6 spell levels left.
You didn't know any spells.
Your spell library was empty.

Dungeon Overview and Level Annotations

Branches:
Dungeon (4/15)
 Temple: D:4-7

Altars:
Trog

Annotations:
D:2 exclusion: phantom


Innate Abilities, Weirdness & Mutations

You have extremely sharp teeth.
Your natural rate of healing is unusually fast.
When hurt, damage is shared between your health and your magic reserves.
Your bite disrupts and absorbs the magic of your enemies.
Potions cannot restore your health.


Message History

You hit the orc.
You kill the orc!
You closely miss the orc. You bite the orc. You drain its power.
The orc is lightly wounded.
The orc priest calls down the wrath of Beogh upon you.
Beogh smites you!
You hit the orc priest.
The orc priest is lightly wounded.
The orc hits you but does no damage. The orc priest hits you with a +0 club.
You hit the orc priest. Your bite misses the orc priest.
The orc priest is lightly wounded.
The orc priest calls down the wrath of Beogh upon you.
Beogh smites you!
* * * LOW HITPOINT WARNING * * *
You hit the orc. You bite the orc.
You kill the orc!
You hit the orc priest.
The orc priest is heavily wounded.
The ball python bites you but does no damage.
The ball python grabs you. The ball python constricts you.
You hit the orc priest. Your bite misses the orc priest.
The orc priest is severely wounded.
The orc priest mumbles some strange prayers to Beogh against you.
Beogh smites you!
* * * LOW HITPOINT WARNING * * *
Unknown command.
You escape the ball python's grasp.
The orc priest hits you but does no damage.
The orc priest looks braver for a moment.
You hit the orc priest.
The orc priest is almost dead.
The ball python closely misses you. The ball python barely misses you.
The orc priest hits you with a +0 club.
* * * LOW HITPOINT WARNING * * *
Unknown command.
You closely miss the orc priest.
The orc priest is almost dead.
The ball python barely misses you. The ball python grabs you.
The ball python constricts you. The orc priest hits you with a +0 club.
You die...

################## .
#.................
..#.................
..'.................
#.................
#.##...##)........
###.##...##.S..##...
#...So..)##o...###
#..@o#...#......... ....
....#....#...'......... ... ...
#....#...#.......... ... ..
###'##...##.........
##'###'####...##...##.........
#............................
####..................########..
...#..................##
...#....................


You could see 2 orc priests and a ball python.

Vanquished Creatures
  An ogre (D:4)
  A centaur (D:3)
  Blork the orc (D:4)
  A bullfrog (D:4)
  A water moccasin zombie (D:4)
  A bullfrog skeleton (D:4)
  A hound (D:4)
  An iguana (D:4)
  An orc wizard (D:3)
  2 adders
  An ufetubus (D:4)
  16 orcs
  8 bats
  9 endoplasms
  2 giant cockroaches
  7 goblins
  7 hobgoblins
  19 jackals
  4 kobolds
  A quokka (D:2)
  7 ball pythons
  6 frilled lizards
  6 rats
104 creatures vanquished.

Notes
Turn   | Place    | Note
-------+----------+-------------------------------------------
     0 | D:1      | tilp the Vine Stalker Brigand began the quest for the Orb.
     0 | D:1      | Reached XP level 1. HP: 11/11 MP: 2/2
   146 | D:1      | Reached XP level 2. HP: 15/15 MP: 3/3
   788 | D:2      | Reached XP level 3. HP: 9/19 MP: 4/4
  1449 | D:2      | Noticed a phantom
  1693 | D:2      | Gained mutation: Your natural rate of healing is unusually
                  | fast. [Vine Stalker growth]
  1693 | D:2      | Reached XP level 4. HP: 15/23 MP: 3/5
  2187 | D:3      | Noticed a centaur
  2192 | D:3      | Killed a centaur
  2193 | D:3      | Reached XP level 5. HP: 28/28 MP: 6/6
  2372 | D:3      | Found a faded altar of an unknown god.
  2899 | D:3      | Found a bloodstained altar of Trog.
  3022 | D:4      | Noticed an ogre
  3104 | D:3      | Reached XP level 6. HP: 32/33 MP: 7/7
  3110 | D:3      | Reached skill level 1 in Dodging
  3131 | D:4      | Reached skill level 5 in Stealth
  3277 | D:4      | Noticed Blork the orc
  3293 | D:4      | Killed Blork the orc
  3429 | D:4      | Reached skill level 6 in Stealth
  3429 | D:4      | Reached XP level 7. HP: 11/37 MP: 3/8
  3486 | D:4      | Reached skill level 5 in Short Blades
  3657 | D:4      | Slain by an orc priest

Illustrated notes

Levels and vault maps discovered:
D:1:      amcnicky_arrival_single_pillar, layout_basic, skrybe_limestone_x
D:2:      layout_basic, minmay_heptomino_o4
D:3:      layout_loops_cross, trog_book, shapermc_ecumenical_altar_notcrosses
D:4:      layout_gridville, uniq_blork_the_orc

Skill      XL: |  1  2  3  4  5  6  7 |
---------------+----------------------+-----
Fighting       | 2 3 4 |  4.0
Short Blades   | 2 3 4 5 |  5.3
Dodging        | 2 |  2.0
Stealth        | 6 |  6.0
Throwing       | |  1.7

Action                   |  1- 3 |  4- 6 |  7- 9 || total
-------------------------+-------+-------+-------++-------
Melee: Dagger            |   135 |   225 |    86 ||   446
       Bite              |    34 |    55 |    23 ||   112
Throw: Dart              |       |     3 |       ||     3
  Use: Scroll            |       |     4 |       ||     4
 Stab: Sleeping          |     7 |     3 |       ||    10
Armor: Robe              |     7 |       |       ||     7
       Ring mail         |    16 |       |       ||    16
       Scale mail        |    24 |    99 |    29 ||   152
Dodge: Dodged            |    66 |   125 |    30 ||   221

Table legend: (Time is in decaauts)
 A = Elapsed time spent in this place.
 B = Non-inter-level travel time spent in this place.
 C = Inter-level travel time spent in this place.
 D = Time resting spent in this place.
 E = Time spent auto-exploring this place.
 F = Levels seen in this place.
 G = Mean time per level.
                   A        B        C        D        E       F      G
               +--------+--------+--------+--------+--------+-----+--------+
         Total |   3581 |   3421 |    160 |    517 |   2130 |   4 |  895.2 |
       Dungeon |   3581 |   3421 |    160 |    517 |   2130 |   4 |  895.2 |
               +--------+--------+--------+--------+--------+-----+--------+

Top non-repeatable levels by time:
     D:2: 1376 daAuts
     D:3: 893 daAuts
     D:1: 743 daAuts
     D:4: 568 daAuts
